 Dungeon Crawl Stone Soup version 0.21-a0-536-gdbbf329 (webtiles) character file.

42 slep the Chopper (level 3, -4/18 HPs)
             Began as a Vine Stalker Gladiator on Dec 15, 2017.
             Slain by a gnoll
             ... wielding a +0 halberd
              (7 damage)
             ... on level 2 of the Dungeon.
             The game lasted 00:02:37 (865 turns).

slep the Chopper (Vine Stalker Gladiator)            Turns: 865, Time: 00:02:38

Health: -4/18      AC:  4    Str: 16    XL:     3   Next: 56%
Magic:  0/4        EV: 10    Int:  8    God:
Gold:   60         SH:  7    Dex: 16    Spells: 2/2 levels left

rFire    . . .     SeeInvis .   a - +0 war axe
rCold    . . .     Gourm    .   n - +0 shield
rNeg     . . .     Faith    .   b - +0 leather armour
rPois    .         Spirit   +   c - +0 helmet
rElec    .         Reflect  .   (no cloak)
rCorr    .         Harm     .   (no gloves)
MR       .....                  (no boots)
Stlth    +.........             (no amulet)
HPRegen  0.06/turn              (no ring)
MPRegen  0.09/turn              (no ring)

@: no status effects
A: fangs 2, magic shield, antimagic bite, no potion heal 3, rot immunity
a: no special abilities


You were on level 2 of the Dungeon.
You were not hungry.

You visited 1 branch of the dungeon, and saw 2 of its levels.

You collected 60 gold pieces.

Inventory:

Hand Weapons
 a - a +0 war axe (weapon)
Missiles
 d - 3 throwing nets (quivered)
 h - 7 silver javelins
Armour
 b - a +0 leather armour (worn)
 c - a +0 helmet (worn)
 n - a +0 shield (worn)
Scrolls
 e - a scroll of teleportation {unknown}
 g - a scroll of magic mapping {unknown}
 i - 2 scrolls of identify {unknown}
 l - a scroll of amnesia {unknown}
Potions
 j - a potion of brilliance {unknown}
 k - a potion of lignification {unknown}
 m - a potion of might {unknown}
Comestibles
 f - 3 bread rations


   Skills:
 + Level 2.0 Fighting
 + Level 3.4 Axes
 + Level 1.8 Throwing
 + Level 0.3 Armour
 + Level 2.9 Dodging
 + Level 0.2 Stealth


You had 2 spell levels left.
You didn't know any spells.

Dungeon Overview and Level Annotations

Branches:
Dungeon (2/15)

Altars:


Innate Abilities, Weirdness & Mutations

You have extremely sharp teeth.
When hurt, damage is shared between your health and your magic reserves.
Your bite disrupts and absorbs the magic of your enemies.
Potions cannot restore your health.
You are immune to rotting.


Message History

You hit the gnoll but do no damage. You bite the gnoll. You drain its power.
You feel invigorated.
The gnoll is lightly wounded.
You hit the goblin but do no damage. You barely miss the gnoll.
The goblin hits you but does no damage. You block the gnoll's attack.
The gnoll hits you with a halberd!
* * * LOW HITPOINT WARNING * * *
You barely miss the gnoll.
The gnoll is lightly wounded.
You closely miss the goblin.
Your shield prevents you from hitting the gnoll.
The goblin hits you with a dagger.
* * * LOW HITPOINT WARNING * * *
You block the gnoll's attack. The gnoll closely misses you.
The goblin hits you but does no damage. The gnoll closely misses you.
You hit the gnoll. Your bite misses the gnoll.
The gnoll is heavily wounded.
You closely miss the goblin. You hit the gnoll but do no damage.
The gnoll hits you with a halberd!
You die...

..####### ........#
........###########
#÷÷...........
#.............
#..######.....).....#.
#..........##########
...#####..### ###..#
#...@.# ..... #..ggg#
#... #.....#
#...###.....#
#...)÷(.....#
#.#.###.##.##
.#.....#.##.#
.>.....#.##.#
..............#


You could see 2 gnolls and a goblin.

Vanquished Creatures
  An adder (D:2)
  An ooze (D:2)
  A leopard gecko (D:1)
  2 ball pythons (D:1)
  A giant cockroach (D:2)
  3 goblins (D:1)
  5 hobgoblins
  3 kobolds
  2 quokkas (D:2)
  2 bats
  A frilled lizard (D:2)
  3 rats (D:1)
25 creatures vanquished.

Notes
Turn   | Place    | Note
-------+----------+-------------------------------------------
     0 | D:1      | slep the Vine Stalker Gladiator began the quest for the Orb.
     0 | D:1      | Reached XP level 1. HP: 11/11 MP: 2/2
   168 | D:1      | Reached XP level 2. HP: 5/15 MP: 3/3
   281 | D:1      | Reached skill level 3 in Axes
   578 | D:2      | Reached XP level 3. HP: 9/18 MP: 4/4
   865 | D:2      | Slain by a gnoll

Vault maps used:
D:1:      dpeg_arrival_short_road
D:2:      lemuel_doored_altar, old_standard_altar, kennysheep_generic_room_13,
          uniq_sigmund

Skill      XL: |  1  2  3 |
---------------+----------+-----
Axes           | 3 |  3.4
Fighting       | 2 |  2.0
Throwing       | |  1.8
Armour         | |  0.3
Dodging        | |  2.9
Stealth        | |  0.2

Action                   || total
-------------------------++-------
Melee: War axe           ||    77
       Bite              ||    19
Armor: Leather armour    ||    30
Dodge: Dodged            ||    49
Block: Shield            ||    26

Table legend:
 A = Spawn XP
 B = Non-spawn XP
 C = Spawn XP percentage of total XP
 D = Spawn monster count
 E = Non-spawn monster count
 F = Spawn count percentage of total count
 G = Total turns spent on level
                    A         B        C        D         E        F      G
               +---------+---------+-------+---------+---------+-------+---------
         Total |       0 |      61 |   0.0 |       0 |      25 |   0.0 |   865
               +---------+---------+-------+---------+---------+-------+---------
           D:1 |       0 |      23 |   0.0 |       0 |      13 |   0.0 |   740
           D:2 |       0 |      38 |   0.0 |       0 |      12 |   0.0 |   125
               +---------+---------+-------+---------+---------+-------+---------
